 Dungeon Crawl Stone Soup version 0.31.0-12-g77e489cdc1 (webtiles) character file.

Game seed: 15076749088007728157

4653 Peloso the Carver (level 10, -5/86 HPs)
             Began as a Minotaur Fighter on Mar 6, 2024.
             Was a Priest of Okawaru.
             Slain by Amaemon
             ... wielding a -1 demon whip of venom
              (7 damage)
             ... on level 9 of the Dungeon.
             The game lasted 00:14:46 (7605 turns).

Peloso the Carver (Minotaur Fighter)                Turns: 7605, Time: 00:14:49

Health: -5/86      AC: 17    Str: 21    XL:     10   Next: 20%
Magic:  9/9        EV: 11    Int:  8    God:    Okawaru [***...]
Gold:   790        SH: 17    Dex: 17    Spells: 9/9 levels left

rFire   . . .        a - +1 long sword
rCold   . . .        d - +0 kite shield
rNeg    . . .        u - +0 plate armour
rPois   .            (helmet restricted)
rElec   .            h - +0 cloak of Ramap {Will+ Int+3 Dex+3 Slay+3}
rCorr   .            r - +0 pair of gloves
SInv    .            v - +0 pair of boots
Will    +....        e - amulet of reflection Stlth
                     p - +5 ring of evasion
HPRegen 0.34/turn    (no ring)
MPRegen 0.11/turn

%: reflection
@: lethally poisoned (-5 -> -37), slowed, very slow
A: horns 2, retaliatory headbutt
a: Renounce Religion, Heroism


You were on level 9 of the Dungeon.
You worshipped Okawaru.
Okawaru was most pleased with you.
You visited 2 branches of the dungeon, and saw 10 of its levels.
You also visited: Ossuary.

You collected 790 gold pieces.

Inventory:

Hand Weapons
 a - a +1 long sword (weapon)
 b - a +2 whip of flaming
Missiles
 I - a throwing net (quivered)
Armour
 c - a +0 chain mail
 d - a +0 kite shield (worn)
 h - the +0 cloak of Ramap (worn) {Will+ Int+3 Dex+3 Slay+3}
   (You acquired it in an ossuary)

   Int+3:     It affects your intelligence (+3).
   Dex+3:     It affects your dexterity (+3).
   Slay+3:    It affects your accuracy & damage with ranged weapons and melee
   (+3).
   Will+:     It increases your willpower.
 r - a +0 pair of gloves (worn)
 u - a +0 plate armour (worn)
 v - a +0 pair of boots (worn)
Jewellery
 e - an amulet of reflection (around neck)
 p - a +5 ring of evasion (left hand)
Wands
 l - a wand of flame (27)
 q - a wand of light (13)
 w - a wand of paralysis (25)
 K - a wand of roots (23)
 L - a wand of polymorph (7)
 M - a wand of mindburst (5)
 N - a wand of digging (8)
Scrolls
 f - 2 scrolls of enchant weapon
 i - 2 scrolls of teleportation
 j - a scroll of butterflies
 x - a scroll of fear {unknown}
 y - a scroll of amnesia {unknown}
 H - a scroll of enchant armour {unknown}
Potions
 g - 5 potions of might
 k - a potion of brilliance
 m - a potion of invisibility
 n - a potion of heal wounds
 o - a potion of resistance
 s - 4 potions of mutation
 t - 3 potions of curing
 B - a potion of cancellation {unknown}
 C - a potion of lignification {unknown}
 D - a potion of enlightenment {unknown}
 E - 4 potions of haste {unknown}
 F - a potion of ambrosia


   Skills:
 + Level 7.1 Fighting
 + Level 11.5 Long Blades
 + Level 7.8 Armour
 + Level 2.6 Dodging
 + Level 0.2 Stealth
 + Level 10.5 Shields


You had 9 spell levels left.
You didn't know any spells.
Your spell library contained the following spells:

 Spells                   Type           Power      Damage    Failure   Level
 Freeze                   Ice            0%         1d3       100%        1
 Frozen Ramparts          Ice            0%         1d1       100%        3
 Gell's Gravitas          Tloc           0%         N/A       100%        3
 Hailstorm                Conj/Ice       0%         3d5       100%        3
 Teleport Other           Tloc           0%         N/A       100%        3
 Dispersal                Tloc           0%         N/A       100%        6


Dungeon Overview and Level Annotations

Branches:
Dungeon (9/15)             Temple (1/1) D:6         Ossuary (visited)
   Lair: D:8-11         Orc: D:9-12

Altars:
Ashenzari
Cheibriados
Dithmenos
Elyvilon
Fedhas
Gozag
Hepliaklqana
Kikubaaqudgha
Makhleb
Nemelex Xobeh
Okawaru
Qazlal
Ru
Trog
Uskayaw
Vehumet
Wu Jian
Xom
Yredelemnul
Zin
The Shining One

Annotations:
D:9 Amaemon


Innate Abilities, Weirdness & Mutations

You have a pair of horns on your head.
You reflexively headbutt those who attack you in melee.


Message History

You block Amaemon's attack. Amaemon tail-slaps you.
You are lethally poisoned!
Amaemon poisons you!
You barely miss Amaemon.
Amaemon is heavily wounded.
* * * LOW HITPOINT WARNING * * *
You feel very sick.
The scorpion stings you but does no damage. x2
You block the scorpion's attack. You block Amaemon's attack. x2
Amaemon tail-slaps you but does no damage.
The scorpion stings you.
* * * LOW HITPOINT WARNING * * *
You are more poisoned.
The scorpion poisons you!
You slash Amaemon! You headbutt Amaemon.
Amaemon is severely wounded.
* * * LOW HITPOINT WARNING * * *
You feel extremely sick. The scorpion stings you.
* * * LOW HITPOINT WARNING * * *
You block the scorpion's attack. x2; You block Amaemon's attack.
Amaemon claws you but does no damage. Amaemon tail-slaps you.
* * * LOW HITPOINT WARNING * * *
You feel better. The scorpion stings you.
* * * LOW HITPOINT WARNING * * *
You are lethally poisoned!
You have difficulty breathing.
* * * LOW HITPOINT WARNING * * *
You feel yourself slow down. You block the scorpion's attack.
The scorpion stings you but does no damage. x2
You block Amaemon's attack. Amaemon closely misses you.
You block Amaemon's attack.
You feel better.
You block the scorpion's attack. x3; The scorpion stings you.
* * * LOW HITPOINT WARNING * * *
You are lethally poisoned!
You have difficulty breathing.
* * * LOW HITPOINT WARNING * * *
You feel as though you will be slow longer.
Amaemon hits you with a -1 demon whip of venom!
You die...

... .. . ......#.
.... ... ......#
#..#.# ...#
#######s#########
.....ss@.......<#
.!....s6........#
#################


You could see Amaemon and 4 scorpions.

Vanquished Creatures
  An orange demon (D:9)
  Prince Ribbit (D:5)
  A hornet (D:7)
  Grinder (D:3)
  3 slime creatures (D:7)
  Sigmund (D:5)
  4 yaks (D:8)
  A steam dragon (D:6)
  2 orc warriors
  2 ice beasts
  A sky beast (D:7)
  An ogre (D:6)
  3 centaurs
  2 phantoms
  A kobold brigand (D:8)
  2 bullfrogs
  A scorpion (D:6)
  An electric eel (D:8)
  6 hounds
  A bombardier beetle (D:7)
  3 jellies
  3 gnoll boudas
  2 orc priests
  4 iguanas
  5 orc wizards
  3 sleepcaps
  8 mummies (Ossuary)
  Robin (D:1)
  13 gnolls
  10 adders
  2 shadow imps
  A white imp (D:6)
  A dart slug (D:1)
  A ribbon worm (D:2)
  23 orcs
  8 endoplasms
  2 giant cockroaches (D:2)
  13 hobgoblins
  5 quokkas
  6 ball pythons
  8 bats
  3 frilled lizards (D:1)
  2 gnoll zombies (Ossuary)
  24 goblins
  2 hobgoblin zombies (Ossuary)
  15 kobolds
  2 kobold zombies (Ossuary)
  2 orc zombies (Ossuary)
  3 rats
211 creatures vanquished.

Notes
Turn   | Place    | Note
-------+----------+-------------------------------------------
     0 | D:1      | Peloso the Minotaur Fighter began the quest for the Orb.
     0 | D:1      | Reached XP level 1. HP: 19/19 MP: 0/0
   243 | D:1      | Reached XP level 2. HP: 27/27 MP: 1/1
   295 | D:1      | Reached skill level 3 in Long Blades
   668 | D:2      | Reached XP level 3. HP: 33/33 MP: 2/2
   687 | D:2      | Noticed Robin
   750 | D:1      | Killed Robin
   862 | D:2      | Reached XP level 4. HP: 40/40 MP: 3/3
   969 | D:2      | You fall into a shaft and drop 2 floors!
   991 | D:4      | Reached skill level 5 in Armour
  1613 | D:3      | Reached XP level 5. HP: 47/47 MP: 4/4
  1964 | D:3      | Noticed Grinder
  1971 | D:3      | Paralysed by Grinder for 2 turns
  1984 | D:3      | Killed Grinder
  1985 | D:3      | Reached skill level 5 in Long Blades
  1985 | D:3      | Reached skill level 5 in Shields
  1985 | D:3      | Reached XP level 6. HP: 32/53 MP: 5/5
  2738 | D:4      | Found a shadowy altar of Dithmenos.
  2883 | D:4      | Found a sacrificial altar of Ru.
  2931 | D:4      | Reached skill level 6 in Long Blades
  2931 | D:4      | Reached skill level 1 in Dodging
  3320 | D:5      | Entered Level 5 of the Dungeon
  3325 | D:5      | Reached XP level 7. HP: 60/60 MP: 6/6
  3333 | D:5      | Found a sand-covered staircase.
  3389 | Ossuary  | Entered an ossuary
  3641 | Ossuary  | Identified a scroll of acquirement
  3641 | Ossuary  | Acquired the +0 cloak of Ramap {Will+ Int+3 Dex+3 Slay+3}
  3894 | D:5      | Reached skill level 5 in Fighting
  4209 | D:5      | Noticed Sigmund
  4221 | D:5      | Killed Sigmund
  4222 | D:5      | Reached skill level 7 in Long Blades
  4283 | D:5      | Noticed Prince Ribbit
  4310 | D:5      | Killed Prince Ribbit
  4311 | D:5      | Reached XP level 8. HP: 58/69 MP: 7/7
  4347 | D:5      | Found a stormy altar of Qazlal.
  4352 | D:5      | Found an ancient bone altar of Kikubaaqudgha.
  4581 | D:5      | Reached skill level 8 in Long Blades
  4900 | D:6      | Found a staircase to the Ecumenical Temple.
  4912 | Temple   | Entered the Ecumenical Temple
  4927 | Temple   | Became a worshipper of Warmaster Okawaru
  5163 | D:6      | Reached skill level 9 in Long Blades
  5444 | D:6      | Reached * piety under Okawaru
  5513 | D:6      | Reached XP level 9. HP: 75/75 MP: 8/8
  5676 | D:7      | Found a broken altar of Ashenzari.
  5719 | D:7      | Found a snail-covered altar of Cheibriados.
  6178 | D:7      | Found an ornate altar of the Wu Jian Council.
  6225 | D:7      | Paralysed by a hornet for 1 turns
  6230 | D:7      | Reached skill level 10 in Long Blades
  6377 | D:7      | Reached ** piety under Okawaru
  6729 | D:8      | Reached skill level 11 in Long Blades
  7246 | D:8      | Reached XP level 10. HP: 86/86 MP: 9/9
  7251 | D:8      | Reached skill level 10 in Shields
  7258 | D:8      | Reached *** piety under Okawaru
  7576 | D:9      | Noticed an orange demon
  7578 | D:9      | Noticed Amaemon
  7590 | D:9      | Killed an orange demon
  7603 | D:9      | HP: 4/86 [Amaemon/-1 demon whip of venom (1)]
  7604 | D:9      | HP: 1/86 [asphyx]
  7605 | D:9      | Slain by Amaemon

Illustrated notes

Levels and vault maps discovered:
D:1:      amcnicky_arrival_flooded_fountain, layout_rooms,
          minmay_indecisive_spiral
D:2:      layout_rooms, uniq_robin
D:3:      cheibrodos_greedy_goblins, layout_basic, dreamdust_mushroom_princess,
          kennysheep_generic_room_7, uniq_grinder
D:4:      layout_basic, nicolae_ru_great_annihilating_truth,
          grunt_dithmenos_smoke, minmay_surrounded
D:5:      layout_gridville, jmf_multi_god_temple,
          nicolae_ossuary_entry_false_entrances, uniq_sigmund,
          uniq_prince_ribbit1
D:6:      minmay_diamond_boxcup, layout_basic, minmay_temple_entry_junction,
          kennysheep_diamond, minmay_misc_feat_four_crosses,
          hangedman_decor_push, lemuel_flame_loot_1
D:7:      layout_loops_ring, lemuel_tele_altar,
          nicolae_wu_jian_immortal_techniques, lemuel_crystal_altar
D:8:      layout_loops_ring, corexii_hall_statues_i, minmay_crystal_water
D:9:      minmay_curly_fans, layout_stronghold, nicolae_sif_muna_condensation,
          uniq_amaemon, uniq_erolcha
Temple:   nicolae_temple_two_arcs

Skill      XL: |  1  2  3  4  5  6  7  8  9 10 |
---------------+-------------------------------+-----
Long Blades    | 3 5 6 7 9 11 | 11.5
Armour         | 4 5 6 7 |  7.8
Fighting       | 4 5 7 |  7.1
Shields        | 4 5 6 8 9 10 | 10.5
Dodging        | 1 2 |  2.6
Stealth        | |  0.2

Action                     |  1- 3 |  4- 6 |  7- 9 | 10-12 || total
---------------------------+-------+-------+-------+-------++-------
  Melee: Long sword        |    93 |   138 |   321 |    38 ||   590
         Headbutt          |    14 |    19 |    80 |    12 ||   125
    Use: Potion            |     2 |       |       |     2 ||     4
         Scroll            |       |       |    11 |     4 ||    15
   Stab: Paralysed         |       |     1 |       |       ||     1
 Armour: Chain mail        |    77 |    90 |    72 |       ||   239
         Scale mail        |     3 |       |       |       ||     3
         Plate armour      |       |       |    53 |    38 ||    91
  Dodge: Dodged            |    32 |    44 |    90 |     9 ||   175
  Block: Buckler           |    55 |     5 |       |       ||    60
         Reflection        |     5 |     1 |    12 |     1 ||    19
         Kite shield       |       |   126 |   286 |    68 ||   480
